 Dungeon Crawl Stone Soup version 0.31-a0-1111-ga3525b893c (webtiles) character file.

Game seed: 10405626975869248086

140 theswoord the Twirler (level 5, -3/34 HPs)
             Began as a Demonspawn Gladiator on Dec 3, 2023.
             Slain by a gnoll
             ... wielding a +0 flail
             ... led by a gnoll bouda
              (7 damage)
             ... on level 3 of the Dungeon.
             The game lasted 00:03:45 (2918 turns).

theswoord the Twirler (Demonspawn Gladiator)        Turns: 2918, Time: 00:03:46

Health: -3/34      AC:  8    Str: 14 (16) XL:     5   Next: 2%
Magic:  5/5        EV: 12    Int:  8 (9)  God:
Gold:   237        SH:  4    Dex: 11 (14) Spells: 4/4 levels left

rFire   + . .        a - +0 quarterstaff (vamp)
rCold   + . .        (shield currently unavailable)
rNeg    . . .        b - +0 leather armour
rPois   +            c - +1 helmet
rElec   +            (no cloak)
rCorr   +            (no gloves)
SInv    .            l - +2 pair of boots
Will    .....        (no amulet)
Stlth   +            (no ring)
HPRegen 0.25/turn    (no ring)
MPRegen 0.09/turn

%: random rage (3%)
@: resistant
A: large bone plates 1, foul stench 1, hooves 1, berserk 1, frail 1
a: no special abilities


You were on level 3 of the Dungeon.
You visited 1 branch of the dungeon, and saw 4 of its levels.

You collected 237 gold pieces.

Inventory:

Hand Weapons
 a - a +0 vampiric quarterstaff (weapon)
Missiles
 d - 3 throwing nets (quivered)
 e - a javelin
Armour
 b - a +0 leather armour (worn)
 c - a +1 helmet (worn)
 l - a +2 pair of boots (worn)
Wands
 o - a wand of light (6)
Scrolls
 g - a scroll of identify
 j - a scroll of brand weapon
 k - a scroll of fog
Potions
 i - 2 potions of enlightenment


   Skills:
 - Level 2.0 Fighting
 + Level 5.2 Staves
 - Level 1.7 Throwing
 - Level 2.6 Dodging


You had 4 spell levels left.
You didn't know any spells.
Your spell library was empty.

Dungeon Overview and Level Annotations

Branches:
Dungeon (4/15)
 Temple: D:4-7

Altars:
Ashenzari
Fedhas
Kikubaaqudgha

Shops:
D:2 **:   D:3 (!=


Innate Abilities, Weirdness & Mutations

You are partially covered in large bone plates. (SH +4)
You may rarely emit foul miasma when damaged in melee.
You have large cloven feet.
You sometimes lose your temper in combat.
You are frail. (-10% HP)


Message History

It was a potion of resistance.
You feel protected.
The gnoll bouda hits you but does no damage.
The gnoll completely misses you.
It was a potion of degeneration.
There was something very wrong with that liquid.
You feel weakened.
You feel dopey.
You feel clumsy.
The gnoll bouda hits you but does no damage.
The gnoll hits you with a +0 flail!
It was a potion of curing.
You feel better.
The gnoll bouda hits you but does no damage.
You block the gnoll's attack.
You closely miss the gnoll bouda.
The gnoll bouda hits you with a +0 club!
* * * LOW HITPOINT WARNING * * *
You emit a cloud of foul miasma!
The gnoll hits you but does no damage.
You barely miss the gnoll bouda.
The gnoll bouda is engulfed in dark miasma.
The gnoll bouda is poisoned.
You block the gnoll bouda's attack. The gnoll hits you with a +0 flail!
* * * LOW HITPOINT WARNING * * *
You hit the gnoll bouda but do no damage.
The gnoll is no longer moving quickly.
The gnoll misses you.
The gnoll bouda is engulfed in dark miasma.
The gnoll bouda looks even sicker.
The gnoll bouda seems to slow down.
The gnoll bouda closely misses you.
You barely miss the gnoll bouda.
The gnoll bouda is no longer moving slowly.
The gnoll hits you with a +0 flail.
* * * LOW HITPOINT WARNING * * *
The gnoll bouda is engulfed in dark miasma.
The gnoll bouda looks even sicker.
The gnoll bouda hits you with a +0 club.
* * * LOW HITPOINT WARNING * * *
Okay, then.
You feel extremely strange.
You feel a little pissed off.
You feel frail.
Your feet thicken and deform.
Your attacks no longer feel as feeble.
The gnoll hits you with a +0 flail!
You die...

.##.# #....# #.# .##.# #....#
#.# ###.######....# #.#
..............##############.#
.##.######...................#
.##..........#.###############
.########.##.#.........#####.#
.#####################.#.....#
...............g@# #.#)###.#
################g#####.#.# #.#
..###### #....g....#.#.# #.#
..#....# #.###.###.#.#.# #.#
..#....# #.#.......#.#.# #.#
..#....# #.#.#.#####.#.# #.#
.......# #.#.#.##..#.#.# #.#
##.....# #.#.#.##..#.#.# #.#
##.....#####.#.#.##..#.#.# #.#


You could see a gnoll bouda (very poisoned), a gnoll and a hobgoblin.

Vanquished Creatures
  7 adders
  3 dart slugs
  4 orcs (D:3)
  6 endoplasms
  2 giant cockroaches
  12 goblins
  7 hobgoblins
  A jackal (D:3)
  A quokka (D:3)
  3 ball pythons
  5 bats
  4 frilled lizards
  7 kobolds
  5 rats
67 creatures vanquished.

Notes
Turn   | Place    | Note
-------+----------+-------------------------------------------
     0 | D:1      | theswoord the Demonspawn Gladiator began the quest for the
                  | Orb.
     0 | D:1      | Reached XP level 1. HP: 16/16 MP: 1/1
    70 | D:1      | Reached skill level 3 in Staves
   168 | D:1      | Gained mutation: You are partially covered in large bone
                  | plates. (SH +4) [demonic ancestry]
   168 | D:1      | Reached XP level 2. HP: 22/22 MP: 2/2
   712 | D:2      | Found Vuifilina's Assorted Antiques.
   755 | D:2      | Reached XP level 3. HP: 27/27 MP: 3/3
   818 | D:2      | Found a blossoming altar of Fedhas.
   834 | D:2      | Reached skill level 4 in Staves
  1073 | D:2      | Found Fymir's Book Shoppe.
  1209 | D:2      | Found Mostem's General Store.
  1232 | D:2      | Reached XP level 4. HP: 19/33 MP: 4/4
  1669 | D:3      | Found a broken altar of Ashenzari.
  1746 | D:3      | Found Xothod's Weapon Boutique.
  1746 | D:3      | Noticed a +0 quick blade
  1746 | D:3      | Noticed a +0 bardiche
  1874 | D:3      | Found Volotu Puru's Distillery.
  1904 | D:3      | Found an ancient bone altar of Kikubaaqudgha.
  1946 | D:3      | Found Waram Tugu's Jewellery Shoppe.
  2398 | D:3      | Reached skill level 5 in Staves
  2508 | D:3      | Gained mutation: You may rarely emit foul miasma when
                  | damaged in melee. [demonic ancestry]
  2508 | D:3      | Reached XP level 5. HP: 38/38 MP: 5/5
  2918 | D:3      | Gained mutation: You sometimes lose your temper in combat.
                  | [potion of mutation]
  2918 | D:3      | Gained mutation: You are frail. (-10% HP) [potion of
                  | mutation]
  2918 | D:3      | Gained mutation: You have large cloven feet. [potion of
                  | mutation]
  2918 | D:3      | Slain by a gnoll

Skill      XL: |  1  2  3  4 |
---------------+-------------+-----
Staves         | 3 4 5 |  5.2
Fighting       | |  2.0
Throwing       | |  1.7
Dodging        | |  2.6

Action                     |  1- 3 |  4- 6 || total
---------------------------+-------+-------++-------
  Melee: Quarterstaff      |   111 |   100 ||   211
    Use: Scroll            |       |     8 ||     8
         Potion            |       |     4 ||     4
   Stab: Sleeping          |     2 |     1 ||     3
         Distracted        |       |     1 ||     1
 Armour: Leather armour    |    49 |    51 ||   100
  Dodge: Dodged            |    66 |    48 ||   114
  Block: Other             |    16 |    20 ||    36

Levels and vault maps discovered:
D:1:      lightli_arrival_maybe_door_vault, layout_basic, nicolae_titane
D:2:      layout_loops_ring, basic_altar, serial_shops, shop, shop,
          nicolae_book_shop_shelving, serial_rivers,
          chequers_serial_rivers_small_b, chequers_serial_rivers_micro_c,
          chequers_serial_rivers_micro_e, chequers_serial_rivers_micro_c,
          grunt_ministairs_11
D:3:      minmay_chambers_of_twos, layout_basic,
          mainiacjoe_overflow_six_doors_small, mainiacjoe_overflow_boulevard,
          serial_shops, nicolae_square_shop, nicolae_square_shop,
          nicolae_shop_mannequins, uniq_robin
D:4:      layout_basic, uniq_ijyb
